 Dungeon Crawl Stone Soup version 0.29-a0-468-ge57f7f99b4 (webtiles) character file.

Game seed: 6495516522321789428

146080 Zdeegee the Tortoise (level 16, 0/147 HPs)
             Began as a Minotaur Fighter on May 21, 2022.
             Was a High Priest of Okawaru.
             Shot with an arrow by Vashnia (6 damage)
             ... on level 3 of the Snake Pit.
             The game lasted 00:55:45 (31956 turns).

Zdeegee the Tortoise (Minotaur Fighter)            Turns: 31956, Time: 00:55:46

Health: 0/147      AC: 23    Str: 33    XL:     16   Next: 88%
Magic:  25/25      EV:  9    Int: 14    God:    Okawaru [*****.]
Gold:   2487       SH: 17    Dex: 12    Spells: 15/15 levels left

rFire   + + .      SeeInvis +   a - +5 broad axe (spect)
rCold   + . .      Faith    .   K - +0 kite shield
rNeg    . . .      Spirit   .   R - +5 scale mail "Wumm" {rF+ Int+4}
rPois   +          Reflect  .   Y - +2 hat
rElec   +          Harm     .   U - scarf {+Inv}
rCorr   .          Rampage  +   D - +0 pair of gloves of Gaed {Rampage rElec}
Will    +....                   O - +2 pair of boots {Fly}
Stlth   +.........              l - amulet of magic regeneration
HPRegen 0.34/turn               G - ring "Mif Kics" {rPois Int+5 SInv}
MPRegen 0.59/turn               j - +6 ring of strength

@: lethally poisoned (0 -> -3), flying, constricted, studying Armour
A: horns 2, retaliatory headbutt, large bone plates 1, cold resistance 1, fire
resistance 1, high MP 1
a: Renounce Religion, Evoke Invisibility, Heroism, Finesse, Duel


You were on level 3 of the Snake Pit.
You worshipped Okawaru.
Okawaru was extremely pleased with you.
You visited 4 branches of the dungeon, and saw 26 of its levels.
You also visited: Bailey and Ice Cave.

You collected 3211 gold pieces.
You spent 724 gold pieces at shops.

Inventory:

Hand Weapons
 a - a +5 spectral broad axe (weapon)
 b - a +2 vorpal mace
 c - a +2 hand crossbow of chaos
 r - the +2 war axe "Kammuapp" {vorpal, Dex+5}
   (Okawaru gifted it to you on level 3 of the Lair of Beasts)

   It inflicts extra damage upon your enemies.
   Dex:       It affects your dexterity (+5).
Missiles
 v - 6 throwing nets (quivered)
Armour
 h - the +0 cloak "Lodit" {Fly rN+ Regen+ Str-5}
   (Okawaru gifted it to you on level 4 of the Lair of Beasts)

   Str:       It affects your strength (-5).
   rN:        It protects you from negative energy.
   Fly:       It grants you flight.
   Regen:     It increases your rate of health regeneration.
 s - a +3 scale mail of willpower
 D - the +0 pair of gloves of Gaed (worn) {Rampage rElec}
   (Okawaru gifted it to you on level 6 of the Lair of Beasts)

   rElec:     It insulates you from electricity.
   Rampage:   It bestows one free step when moving towards enemies.
 I - the +0 chain mail of Yrhiluxu {rN++}
   (Okawaru gifted it to you on level 8 of the Dungeon)

   rN:        It greatly protects you from negative energy.
 K - a +0 kite shield (worn)
 O - a +2 pair of boots of flying (worn)
 P - the +2 pair of gloves of Okawaru's Hatred {Str+3}
   (Okawaru gifted it to you on level 15 of the Dungeon)

   Str:       It affects your strength (+3).
 R - the +5 scale mail "Wumm" (worn) {rF+ Int+4}
   (Okawaru gifted it to you on level 9 of the Dungeon)

   Int:       It affects your intelligence (+4).
   rF:        It protects you from fire.
 U - a scarf of invisibility (worn)
 V - a +2 pair of gloves of infusion
 X - the +1 plate armour of Pessimism {rPois}
   (Okawaru gifted it to you in an ice cave)

   rPois:     It protects you from poison.
 Y - a +2 hat (worn)
Jewellery
 f - a ring of protection from fire
 j - a +6 ring of strength (right hand)
 l - an amulet of magic regeneration (around neck)
 m - a +6 ring of dexterity
 p - a ring of positive energy
 B - a ring of flight
 G - the ring "Mif Kics" (left hand) {rPois Int+5 SInv}
   (You found it on level 9 of the Dungeon)

   [ring of poison resistance]

   Int:       It affects your intelligence (+5).
   rPois:     It protects you from poison.
   SInv:      It lets you see invisible.
 Q - a ring of resist corrosion
 Z - a ring of ice
Wands
 k - a wand of acid (7)
 n - a wand of flame (28)
 A - a wand of mindburst (32)
 H - a wand of iceblast (13)
Scrolls
 e - 8 scrolls of identify
 g - 4 scrolls of silence
 i - 8 scrolls of teleportation
 E - 3 scrolls of enchant armour
 F - 2 scrolls of magic mapping
 N - 4 scrolls of blinking
 S - 8 scrolls of fog
 T - a scroll of fear
Potions
 d - 3 potions of might
 o - a potion of cancellation
 q - 3 potions of brilliance
 t - 4 potions of resistance
 u - 3 potions of ambrosia
 w - a potion of magic
 x - 5 potions of mutation
 y - 3 potions of berserk rage
 z - 10 potions of curing
 C - 4 potions of heal wounds
 M - 6 potions of haste
 W - 5 potions of invisibility
Miscellaneous
 J - a lightning rod (4/4)
 L - a tin of tremorstones (2/2)


   Skills:
 * Level 14.8 Fighting
 + Level 17.3(17.5) Axes
 + Level 4.4(12.1) Maces & Flails
 * Level 8.4 Crossbows
 + Level 2.0 Throwing
 * Level 18.3 Armour
 + Level 6.1 Dodging
 + Level 4.1 Stealth
 * Level 14.6 Shields
 * Level 10.8 Invocations
 * Level 9.9 Evocations


You had 15 spell levels left.
You didn't know any spells.
Your spell library contained the following spells:

 Spells                   Type           Power      Damage    Failure   Level
 Foxfire                  Conj/Fire      0%         2x1d4     61%         1
 Sandblast                Erth           0%         2d4       61%         1
 Shock                    Conj/Air       0%         1d3       61%         1
 Sting                    Tmut/Pois      0%         1d3       61%         1
 Passwall                 Tmut/Erth      0%         N/A       75%         2
 Poisonous Vapours        Pois/Air       0%         N/A       75%         2
 Conjure Flame            Conj/Fire      0%         6-21      93%         3
 Inner Flame              Hex/Fire       0%         N/A       93%         3
 Portal Projectile        Hex/Tloc       0%         N/A       93%         3
 Stone Arrow              Conj/Erth      0%         3d7       93%         3
 Swiftness                Air            0%         N/A       93%         3
 Airstrike                Air            0%         N/A       100%        4
 Anguish                  Hex/Necr       0%         N/A       100%        4
 Corpse Rot               Necr/Pois/Air  0%         N/A       100%        4
 Flame Wave               Conj/Fire      0%         2d4       100%        4
 Leda's Liquefaction      Hex/Erth       0%         N/A       100%        4
 Olgreb's Toxic Radiance  Pois           0%         N/A       100%        4
 Blade Hands              Tmut           0%         N/A       100%        5
 Borgnjor's Vile Clutch   Necr/Erth      0%         N/A       100%        5
 Lee's Rapid Deconstruct  Erth           0%         3d5*      100%        5
 Iron Shot                Conj/Erth      0%         9d1       100%        6
 Statue Form              Tmut/Erth      0%         N/A       100%        6
 Enfeeble                 Hex            0%         N/A       100%        7
 Lehudib's Crystal Spear  Conj/Erth      0%         10d2      100%        8
 Call Canine Familiar     Summ           Unusable   N/A       N/A         3
 Animate Armour           Summ/Erth      Unusable   N/A       N/A         4

Dungeon Overview and Level Annotations

Branches:
Dungeon (15/15)            Temple (0/1) D:6            Lair (6/6) D:9
  Swamp (0/4) Lair:2        Snake (3/4) Lair:4        Slime (0/5) Lair:6
    Orc (2/2) D:9             Elf (0/3) Orc:2        Vaults (0/5) D:13
 Depths (0/4) D:15         Bailey (visited)           IceCv (visited)

Altars:
Ashenzari
Okawaru
Ru
Trog
Vehumet
Wu Jian
Xom
Beogh
Jiyva

Shops:
Orc:2 ((!([   Snake:3 ?

Annotations:
Lair:6 2 transporters, sirJeffrey23's ghost, journeyman DsMo
Snake:3 Vashnia


Innate Abilities, Weirdness & Mutations

You have a pair of horns on your head.
You reflexively headbutt those who attack you in melee.
You are partially covered in large bone plates. (SH +4)
Your flesh is cold resistant. (rC+)
Your flesh is heat resistant. (rF+)
You have an increased reservoir of magic. (+10% MP)


Message History

The splash of poison misses you.
The naga sharpshooter unwields a +0 war axe of electrocution.
It stops crackling.
The naga sharpshooter wields a +0 arbalest.
The naga sharpshooter shoots a bolt.
You block the bolt. The naga warrior spits poison at you.
The splash of poison hits you but does no damage.
You resist.
Vashnia shoots an arrow.
You block the arrow. You block the nagaraja's attack.
The nagaraja constricts you.
The nagaraja's grasp on you weakens, but your attempt to escape fails.
You feel sick. You block the naga's attack.
The nagaraja hits you but does no damage.
The nagaraja constricts you. You block the naga warrior's attack.
Vashnia shoots an arrow.
You block the arrow.
The naga sharpshooter shoots a bolt.
You block the bolt. The guardian serpent hits you.
You escape the nagaraja's grasp.
You feel sick. You block the naga's attack.
Vashnia shoots an arrow.
The arrow hits you!! The arrow freezes you.
The naga sharpshooter spits poison at you.
The splash of poison hits you but does no damage.
You are more poisoned.
You resist.
You feel sick.
The naga drinks a potion.
The naga flickers and vanishes for a moment.
The nagaraja completely misses you. You block the nagaraja's attack.
Vashnia gestures wildly while chanting.
Vashnia magically shoots an arrow.
The arrow hits you!!
* * * LOW HITPOINT WARNING * * *
The arrow freezes you.
* * * LOW HITPOINT WARNING * * *
You block the guardian serpent's attack.
You feel much better.
You feel sick. The nagaraja hits you with a +0 club!
* * * LOW HITPOINT WARNING * * *
The nagaraja grabs you. The nagaraja constricts you.
The guardian serpent hits you but does no damage.
Vashnia casts a spell.
Vashnia magically shoots an arrow.
The arrow hits you!!
* * * LOW HITPOINT WARNING * * *
The arrow freezes you.
You die...

#....#.......## #...#.## #.##
####.........#...# ###...# #..#
......#.....[÷...# #...#####.#
.#...######..)...# #.#....##.#
...?...#####.....######...##....#
..................##............#
.##...###.................N.....#
.###### #.......NN.....>∩.....#.#
.#### ####..<.@SN.........#.#)#
....# #.###.NN.##......#....
###.### #.. #.................
#...# #?..#...#........N#...
###.### #......####........N..
####...# ###..... ....#.###...
#......# #......# #####.. ...#
#......# #....... . #.N. #......#
....####


You could see Vashnia, a nagaraja (fast), a naga warrior, a naga sharpshooter, a
guardian serpent and a naga (invisible).

Vanquished Creatures
  Rupert (D:13)
  Asterion (Snake:2)
  A frost giant (IceCv)
  The ghost of Atuuduag the Warrior, a journeyman OgGl of the Shining One (D:14)
  An orc warlord (Orc:2)
  A dire elephant (Lair:6)
  11 hydras
  6 boulder beetles
  2 centaur warriors
  A catoblepas (Lair:6)
  Erica (D:9)
  3 two-headed ogres
  A death knight (D:13)
  2 dancing weapons (D:13)
  4 anacondas
  A deep troll shaman (Lair:6)
  A naga warrior (Snake:1)
  29 death yaks
  4 tengu warriors
  A naga sharpshooter (Snake:1)
  Urug (Lair:4)
  2 shock serpents (Snake:2)
  Nergalle (Lair:4)
  5 skeletal warriors
  A fire crab (D:12)
  2 salamander mystics
  5 naga ritualists
  A wolf spider zombie (D:15)
  An orange crystal statue (Lair:1)
  Pikel (D:6)
  A necromancer (D:15)
  A deep elf zephyrmancer (D:15)
  5 lindwurms
  3 orc knights
  6 salamanders
  2 manticores
  15 ugly things
  9 mana vipers
  3 cyclopes
  3 orc sorcerers
  12 elephants
  Maurice (Orc:2)
  2 ice statues
  A centaur zombie (D:15)
  6 naga magi
  2 torpor snails
  5 cane toads
  23 black mambas
  A gargoyle (D:13)
  Joseph (D:9)
  An unseen horror (D:12)
  2 efreet
  2 freezing wraiths (D:13)
  13 komodo dragons
  12 rime drakes
  4 yaktaurs (D:15)
  2 ice devils (Lair:1)
  A troll (shapeshifter) (D:14)
  A tengu conjurer (D:14)
  A hornet (shapeshifter) (D:15)
  A meliai (shapeshifter) (D:11)
  A harpy zombie (D:15)
  8 trolls
  A tyrant leech (Lair:2)
  A wolf spider simulacrum (D:15)
  8 polar bears
  19 dream sheep
  19 blink frogs
  8 slime creatures
  Sigmund (D:6)
  4 shadows
  4 wyverns
  A centaur simulacrum (D:12)
  A vampire (D:12)
  88 yaks
  4 wraiths
  Grum (D:8)
  5 basilisks
  A steam dragon (D:8)
  A death yak simulacrum (Lair:1)
  14 nagas
  A redback simulacrum (D:15)
  6 vampire mosquitoes
  2 wargs
  2 swamp worms (Lair:2)
  17 water moccasins
  2 acid dragons
  A black bear (shapeshifter) (D:11)
  35 orc warriors
  An ice beast (D:6)
  4 black bears
  2 sky beasts (D:7)
  7 ogres
  7 centaurs
  22 wolves
  2 phantoms
  10 bullfrogs
  2 kobold brigands (D:9)
  3 necrophages
  4 scorpions
  A two-headed ogre simulacrum (Lair:1)
  4 gnoll sergeants
  A wight (D:8)
  A killer bee (D:8)
  2 vampire bats (Lair:4)
  A howler monkey (D:12)
  3 electric eels
  3 lava snakes (Lair:1)
  6 hounds
  3 jellies
  20 orc priests
  2 iguanas
  14 hell rats
  21 orc wizards
  A polar bear simulacrum (Lair:1)
  A wolf simulacrum (Lair:1)
  11 adders
  24 gnolls
  A river rat (D:9)
  A naga simulacrum (Lair:1)
  3 shadow imps
  An ufetubus (D:7)
  3 worms (D:4)
  2 dart slugs (D:2)
  98 orcs
  11 endoplasms
  2 giant cockroaches
  13 hobgoblins
  13 jackals
  12 quokkas
  10 ball pythons
  11 bats
  4 frilled lizards
  15 goblins
  16 kobolds
  11 rats
  A bush (Lair:6)
902 creatures vanquished.

Vanquished Creatures (others)
  A kobold brigand (D:8)
  A bush (Lair:4)
  17 fungi
  53 plants
  2 withered plants (D:14)
74 creatures vanquished.

Grand Total: 976 creatures vanquished

Notes
Turn   | Place    | Note
-------+----------+-------------------------------------------
     0 | D:1      | Zdeegee the Minotaur Fighter began the quest for the Orb.
     0 | D:1      | Reached XP level 1. HP: 19/19 MP: 0/0
   335 | D:1      | Reached XP level 2. HP: 27/27 MP: 1/1
   446 | D:1      | Reached skill level 4 in Armour
   733 | D:1      | Found a faded altar of an unknown god.
   748 | D:1      | Reached XP level 3. HP: 33/33 MP: 2/2
  1480 | D:2      | Reached XP level 4. HP: 40/40 MP: 3/3
  1535 | D:2      | Identified the +1 leather armour of the Dragonfruit {Int+4}
  1555 | D:2      | Reached skill level 1 in Evocations
  1604 | D:2      | Reached skill level 1 in Invocations
  1957 | D:3      | Reached XP level 5. HP: 47/47 MP: 3/5
  2108 | D:3      | Found a sacrificial altar of Ru.
  2219 | D:3      | Found an iron altar of Okawaru.
  2248 | D:3      | Became a worshipper of Warmaster Okawaru
  2410 | D:3      | Found a broken altar of Ashenzari.
  2896 | D:4      | Reached skill level 5 in Armour
  2896 | D:4      | Reached XP level 6. HP: 19/53 MP: 6/6
  3265 | D:4      | Reached skill level 5 in Axes
  3268 | D:4      | Reached * piety under Okawaru
  3715 | D:4      | Reached XP level 7. HP: 60/60 MP: 7/7
  3880 | D:5      | Entered Level 5 of the Dungeon
  4128 | D:5      | Reached skill level 5 in Fighting
  4128 | D:5      | Reached skill level 1 in Dodging
  4658 | D:5      | Reached skill level 6 in Armour
  5320 | D:6      | Reached ** piety under Okawaru
  5321 | D:6      | Reached skill level 5 in Shields
  5321 | D:6      | Reached XP level 8. HP: 60/68 MP: 9/9
  5468 | D:6      | Identified the +0 leather armour of the Equator {rF- Will+
                  | Dex+3 SInv}
  5686 | D:6      | Noticed Pikel
  5697 | D:6      | Killed Pikel
  5697 | D:6      | Reached *** piety under Okawaru
  5698 | D:6      | Reached skill level 7 in Armour
  5786 | D:6      | Found a staircase to the Ecumenical Temple.
  5808 | D:6      | Noticed Sigmund
  5814 | D:6      | Killed Sigmund
  5815 | D:6      | Reached XP level 9. HP: 78/78 MP: 10/10
  6141 | D:7      | Reached **** piety under Okawaru
  6166 | D:7      | Reached skill level 8 in Armour
  6279 | D:7      | Found a flagged portal.
  6344 | Bailey   | Entered a bailey
  6591 | Bailey   | Reached skill level 1 in Crossbows
  7071 | Bailey   | Found the +8 Wrath of Trog {antimagic, *Rage Rampage}
  7075 | Bailey   | Noticed an orc knight
  7091 | Bailey   | Killed an orc knight
  7341 | D:7      | Reached ***** piety under Okawaru
  7534 | D:7      | Reached XP level 10. HP: 86/86 MP: 12/12
  7923 | D:8      | Reached skill level 9 in Armour
  8085 | D:8      | Found an iron altar of Okawaru.
  8097 | D:8      | Identified the +0 chain mail of Yrhiluxu {rN++} (Okawaru
                  | gifted it to you on level 8 of the Dungeon)
  8097 | D:8      | Received a gift from Okawaru
  8444 | D:8      | Noticed a two-headed ogre
  8452 | D:8      | Killed a two-headed ogre
  8453 | D:8      | Reached skill level 10 in Armour
  8453 | D:8      | Reached skill level 1 in Stealth
  8453 | D:8      | Reached skill level 5 in Invocations
  8514 | D:8      | Noticed Grum
  8521 | D:8      | Reached skill level 10 in Axes
  8530 | D:8      | Killed Grum
  9220 | D:9      | Found a radiant altar of Vehumet.
  9234 | D:9      | Noticed a death yak
  9257 | D:9      | Killed a death yak
  9258 | D:9      | Reached skill level 5 in Evocations
  9284 | D:9      | Reached skill level 11 in Armour
  9340 | D:9      | Gained mutation: Your body sometimes deteriorates upon
                  | taking damage. [potion of mutation]
  9340 | D:9      | Gained mutation: Your flesh is heat resistant. (rF+)
                  | [potion of mutation]
  9340 | D:9      | Gained mutation: You sometimes lose the ability to read
                  | scrolls when taking damage. [potion of mutation]
  9340 | D:9      | Gained mutation: Your flesh is cold resistant. (rC+)
                  | [potion of mutation]
  9341 | D:9      | Lost mutation: Your body sometimes deteriorates upon taking
                  | damage. [potion of mutation]
  9341 | D:9      | Lost mutation: You sometimes lose the ability to read
                  | scrolls when taking damage. [potion of mutation]
  9341 | D:9      | Gained mutation: You have an increased reservoir of magic.
                  | (+10% MP) [potion of mutation]
  9341 | D:9      | Gained mutation: You are partially covered in large bone
                  | plates. (SH +4) [potion of mutation]
  9582 | D:9      | Found a staircase to the Orcish Mines.
  9811 | D:9      | Noticed Erica
 10010 | D:9      | Reached XP level 11. HP: 94/95 MP: 15/15
 10022 | D:9      | Killed Erica
 10187 | D:9      | Noticed a death yak
 10188 | D:9      | Noticed a death yak
 10203 | D:9      | Killed a death yak
 10211 | D:9      | Killed a death yak
 10390 | D:9      | Found a staircase to the Lair.
 10581 | D:9      | Reached skill level 12 in Armour
 10825 | D:9      | Noticed Joseph
 10833 | D:9      | Killed Joseph
 10833 | D:9      | Identified the +5 scale mail "Wumm" {rF+ Int+4} (Okawaru
                  | gifted it to you on level 9 of the Dungeon)
 10833 | D:9      | Received a gift from Okawaru
 11181 | D:9      | Noticed a lindwurm
 11198 | D:9      | Noticed a lindwurm
 11214 | D:9      | Noticed a lindwurm
 11236 | D:9      | Noticed a lindwurm
 11242 | D:9      | Killed a lindwurm
 11250 | D:9      | Killed a lindwurm
 11257 | D:9      | Killed a lindwurm
 11264 | D:9      | Killed a lindwurm
 11268 | D:9      | Identified the ring "Mif Kics" {rPois Int+5 SInv}
 11283 | D:9      | Identified the +1 quarterstaff of the Original Sin {venom,
                  | Drain +Blink Fly Stlth+}
 11463 | D:10     | Entered Level 10 of the Dungeon
 11516 | D:9      | Found an ornate altar of the Wu Jian Council.
 11516 | D:9      | Found a bloodstained altar of Trog.
 11752 | D:10     | Reached XP level 12. HP: 77/106 MP: 17/17
 12196 | D:11     | Noticed a boulder beetle
 12212 | D:11     | Killed a boulder beetle
 12213 | D:11     | Reached skill level 10 in Fighting
 12294 | D:11     | Noticed a boulder beetle
 12317 | D:11     | Killed a boulder beetle
 12600 | D:11     | Reached skill level 13 in Armour
 12774 | D:12     | Noticed a tengu warrior
 12774 | D:12     | Noticed a tengu warrior
 12795 | D:11     | Killed a tengu warrior
 12825 | D:12     | Killed a tengu warrior
 13011 | D:12     | Noticed a boulder beetle
 13032 | D:12     | Killed a boulder beetle
 13308 | D:12     | Noticed a two-headed ogre
 13631 | Lair:1   | Entered Level 1 of the Lair of Beasts
 13638 | Lair:1   | Reached skill level 10 in Shields
 13910 | Lair:1   | Noticed a four-headed hydra
 13931 | Lair:1   | Killed a four-headed hydra
 13935 | Lair:1   | Reached skill level 1 in Maces & Flails
 13964 | Lair:1   | Received a gift from Okawaru
 14299 | Lair:1   | Received a gift from Okawaru
 14300 | Lair:1   | Reached skill level 1 in Throwing
 14433 | Lair:1   | Noticed a death yak
 14457 | Lair:1   | Killed a death yak
 14792 | Lair:1   | Reached XP level 13. HP: 96/114 MP: 13/19
 15840 | Lair:2   | Reached skill level 14 in Armour
 16120 | Lair:2   | Found a frozen archway.
 16130 | IceCv    | Entered an ice cave
 16140 | IceCv    | Identified the +1 plate armour of Pessimism {rPois}
                  | (Okawaru gifted it to you in an ice cave)
 16140 | IceCv    | Received a gift from Okawaru
 16251 | IceCv    | Reached skill level 5 in Dodging
 16788 | IceCv    | Noticed a frost giant
 16805 | IceCv    | Killed a frost giant
 18190 | Lair:2   | Found a staircase to the Swamp.
 18326 | Lair:3   | Reached skill level 5 in Crossbows
 18330 | Lair:3   | Identified the +2 war axe "Kammuapp" {vorpal, Dex+5}
                  | (Okawaru gifted it to you on level 3 of the Lair of Beasts)
 18330 | Lair:3   | Received a gift from Okawaru
 18392 | Lair:3   | Reached skill level 15 in Armour
 18473 | Lair:3   | Reached XP level 14. HP: 125/125 MP: 17/21
 19045 | Lair:4   | Noticed Nergalle
 19189 | Lair:4   | Killed Nergalle
 19278 | Lair:4   | Found a staircase to the Snake Pit.
 19547 | Lair:4   | Identified the +0 cloak "Lodit" {Fly rN+ Regen+ Str-5}
                  | (Okawaru gifted it to you on level 4 of the Lair of Beasts)
 19547 | Lair:4   | Received a gift from Okawaru
 19658 | Lair:4   | Noticed Urug
 19666 | Lair:4   | Killed Urug
 19681 | Lair:4   | Reached ****** piety under Okawaru
 20156 | Lair:5   | Reached skill level 16 in Armour
 20206 | Lair:5   | Reached skill level 15 in Axes
 21118 | Lair:6   | Entered Level 6 of the Lair of Beasts
 21244 | Lair:6   | Identified the +0 pair of gloves of Gaed {Rampage rElec}
                  | (Okawaru gifted it to you on level 6 of the Lair of Beasts)
 21244 | Lair:6   | Received a gift from Okawaru
 21445 | Lair:6   | Reached XP level 15. HP: 45/134 MP: 23/23
 21907 | Lair:6   | Found a transporter.
 21913 | Lair:6   | Noticed sirJeffrey23's ghost (journeyman DsMo)
 22263 | Lair:6   | Found a transporter.
 22275 | Lair:6   | Found a staircase to the Slime Pits.
 22276 | Lair:6   | Found a viscous altar of Jiyva.
 22412 | Lair:6   | Got Hisenazynn's Tome of the Rocks
 22835 | Orc:1    | Entered Level 1 of the Orcish Mines
 23210 | Orc:2    | Entered Level 2 of the Orcish Mines
 23210 | Orc:2    | Found Ynuts's Weapon Emporium.
 23393 | Orc:2    | Found a staircase to the Elven Halls.
 23438 | Orc:2    | Received a gift from Okawaru
 23617 | Orc:2    | Noticed Maurice
 23635 | Orc:2    | Killed Maurice
 23729 | Orc:2    | Noticed an orc warlord
 23765 | Orc:2    | Killed an orc warlord
 23778 | Orc:2    | Found Tyteor's Antique Armour Emporium.
 23790 | Orc:2    | Found Ceycyeb's Antique Weapon Shoppe.
 23821 | Orc:2    | Bought an embroidered scarf for 280 gold pieces
 23821 | Orc:2    | Bought a pair of embroidered boots for 262 gold pieces
 23876 | Orc:2    | Found Otsaisha's Distillery.
 23947 | Orc:2    | Bought 2 potions of curing for 78 gold pieces
 23947 | Orc:2    | Bought a potion of heal wounds for 65 gold pieces
 23947 | Orc:2    | Bought a potion of curing for 39 gold pieces
 23992 | Orc:2    | Found Roqiw's Weapon Shop.
 25118 | D:13     | Noticed Rupert
 25301 | D:13     | Killed Rupert
 25320 | D:13     | Reached skill level 17 in Armour
 25990 | D:13     | Reached skill level 10 in Invocations
 26051 | D:13     | Found a gate to the Vaults.
 27180 | D:14     | Reached XP level 16. HP: 124/145 MP: 20/25
 27363 | D:14     | Found a runed translucent door.
 27364 | D:14     | Noticed Atuuduag's ghost (journeyman OgGl)
 27876 | D:14     | Killed Atuuduag's ghost
 27924 | D:15     | Entered Level 15 of the Dungeon
 28255 | D:15     | Found a staircase to the Depths.
 28793 | D:15     | Found a shimmering altar of Xom.
 28802 | D:15     | Identified the +2 pair of gloves of Okawaru's Hatred
                  | {Str+3} (Okawaru gifted it to you on level 15 of the
                  | Dungeon)
 28802 | D:15     | Received a gift from Okawaru
 29141 | Snake:1  | Entered Level 1 of the Snake Pit
 29668 | Snake:1  | Reached skill level 18 in Armour
 31123 | Snake:2  | Noticed Asterion
 31131 | Snake:2  | Killed Asterion
 31693 | Snake:3  | Identified the +0 scale mail of Defence {rPois Dex+4}
                  | (Okawaru gifted it to you on level 3 of the Snake Pit)
 31693 | Snake:3  | Received a gift from Okawaru
 31934 | Snake:3  | Found Xaesio's Magic Scroll Emporium.
 31937 | Snake:3  | Noticed Vashnia
 31956 | Snake:3  | HP: 6/147 [Vashnia/arrow (26)]
 31956 | Snake:3  | Shot with an arrow by Vashnia

Illustrated notes

Levels and vault maps discovered:
D:1:      onia_arrival_pyramid, layout_basic, basic_ecumenical_altar,
          roderic_lattice_a, chequers_hall_statues_wall_a, minmay_cupped
D:2:      layout_basic, st_stairs_3, minmay_pentomino_o4
D:3:      layout_basic, nicolae_ru_awakened_eye, mainiacjoe_overflow_alcove_1,
          ashenzari_conservatory_becter
D:4:      layout_gridville, cheibrodos_sewer_entry_bend
D:5:      layout_layer_cave
D:6:      layout_basic, minmay_temple_entry_mini_moons, uniq_grinder,
          uniq_pikel, uniq_sigmund
D:7:      layout_gridville, enter_bailey_7
D:8:      layout_loops_corners, minmay_ruined_shrine, uniq_grum
D:9:      layout_basic, nicolae_overflow_hidden_temple,
          nicolae_vehumet_altar_sigil, dpeg_lair_monsters,
          minmay_orc_entry_temple_large, minmay_lindwurm_lava, uniq_erica,
          uniq_joseph
D:10:     layout_roguey
D:11:     layout_roguey, minivault_22
D:12:     layout_loops_ring, grunt_tough_drop
D:13:     layout_cave_pools, erik_vaults_1, uniq_rupert
D:14:     layout_loops_corners, gammafunk_ghost_grave, grunt_decor_cap
D:15:     grunt_enter_depths_magical_seal, layout_rooms, nicolae_water_bricks,
          tgw_xom
Lair:1:   dreamdust_isle_of_ice, layout_cellular_growth, disabler_island,
          lemuel_fruit_tree
Lair:2:   layout_chaotic_city, palyth_hydra_swamp_entry, portal_ice_cave_rime
Lair:3:   layout_misc_corridors, grunt_forest_stairs_basic, st_stairs_6,
          grunt_megastairs_4
Lair:4:   layout_misc_corridors, minmay_snake_entry_guardpost_small,
          roderic_batcave, chequers_serial_rivers_micro_b, serial_bayou_shore_a,
          infiniplex_staircase_pool, grunt_megastairs_2, serial_bayou_shore_b,
          lemuel_fruit_fields, uniq_urug, uniq_nergalle
Lair:5:   layout_layer_cave, lemuel_fruit_fields
Lair:6:   grunt_lair_end_beastmaster, layout_cave_pods, slime_altar_1,
          nzn_ghost_randoct, serial_bayou_pond_e,
          grunt_forest_small_clearing_treed
Snake:1:  layout_onion, st_stairs_2
Snake:2:  layout_chambers, serial_bayou_shore_b, uniq_asterion
Snake:3:  layout_misc_corridors, serial_shops, shop, serial_bayou_shore_b,
          uniq_vashnia, uniq_kirke
Orc:1:    layout_diamond_mine, special_room [special_room_orc]
Orc:2:    grunt_orc_community_town_hall, layout_diamond_mine,
          grunt_orc_community_big_house_1, grunt_orc_community_big_house_2,
          grunt_orc_community_house_2, grunt_orc_community_house_1,
          grunt_orc_community_house_1, grunt_orc_community_house_1,
          serial_shops, nicolae_shop_bloodbath_and_beyond, uniq_maurice

Skill      XL: |  1  2  3  4  5  6  7  8  9 10 11 12 13 14 15 16 |
---------------+-------------------------------------------------+-----
Axes           | 3 4 5 6 7 9 10 12 13 14 15 16 17 | 17.3
Armour         | 4 5 6 7 8 11 12 13 15 16 17 18 | 18.3
Fighting       | 4 5 6 7 8 9 10 11 12 13 14 | 14.8
Evocations     | 1 2 3 4 5 6 7 8 9 |  9.9
Invocations    | 1 2 3 4 5 6 7 8 9 10 | 10.8
Shields        | 4 5 6 7 9 10 11 12 13 14 | 14.6
Dodging        | 1 2 3 4 5 6 |  6.1
Crossbows      | 2 5 6 7 8 |  8.4
Stealth        | 1 2 3 4 |  4.1
Maces & Flails | 2 3 4 |  4.4
Throwing       | 1 2 |  2.0

Action                   |  1- 3 |  4- 6 |  7- 9 | 10-12 | 13-15 | 16-18 || total
-------------------------+-------+-------+-------+-------+-------+-------++-------
Melee: War axe           |   103 |    13 |       |       |       |       ||   116
       Headbutt          |    12 |    14 |    27 |   106 |   217 |    79 ||   455
       Broad axe         |       |    98 |   147 |   428 |   774 |   317 ||  1764
       Mace              |       |       |       |    12 |    73 |       ||    85
 Fire: Hand crossbow     |       |       |       |     3 |   104 |    11 ||   118
Throw: Boomerang         |       |       |       |    36 |     2 |       ||    38
Invok: Heroism           |       |       |     1 |     5 |    11 |     3 ||    20
       Finesse           |       |       |     1 |     7 |    14 |     3 ||    25
Evoke: Wand              |       |       |       |     7 |     2 |     1 ||    10
       Lightning rod     |       |       |       |       |     2 |       ||     2
       Tin of tremorston |       |       |       |       |       |     1 ||     1
  Use: Scroll            |       |    12 |     6 |     6 |    14 |       ||    38
       Potion            |       |       |       |     3 |     2 |     1 ||     6
 Stab: Distracted        |       |       |     1 |     6 |    21 |     6 ||    34
       Petrified         |       |       |       |       |     8 |       ||     8
       Sleeping          |       |       |       |       |     2 |     4 ||     6
Armor: Scale mail        |    50 |    52 |     9 |   141 |   249 |    71 ||   572
       Plate armour      |       |    23 |    10 |       |       |       ||    33
       Swamp dragon scal |       |       |    14 |       |       |       ||    14
Dodge: Dodged            |    56 |    40 |    92 |   131 |   232 |    72 ||   623
Block: Buckler           |    22 |    27 |    40 |     4 |       |       ||    93
       Kite shield       |       |       |       |   248 |   587 |   213 ||  1048

Table legend: (Time is in decaauts)
 A = Elapsed time spent in this place.
 B = Non-inter-level travel time spent in this place.
 C = Inter-level travel time spent in this place.
 D = Time resting spent in this place.
 E = Time spent auto-exploring this place.
 F = Levels seen in this place.
 G = Mean time per level.
                   A        B        C        D        E       F      G
               +--------+--------+--------+--------+--------+-----+--------+
         Total |  31941 |  30555 |   1386 |   3630 |  21152 |  28 | 1140.8 |
       Dungeon |  17829 |  16893 |    936 |   2234 |  11854 |  15 | 1188.6 |
          Lair |   8121 |   7779 |    342 |   1155 |   4894 |   6 | 1353.5 |
     Snake Pit |   2772 |   2706 |     66 |      0 |   2361 |   3 |  924.0 |
  Orcish Mines |   1368 |   1327 |     41 |     15 |    907 |   2 |  684.0 |
        Bailey |    934 |    934 |      0 |    226 |    519 |   1 |  934.0 |
      Ice Cave |    914 |    914 |      0 |      0 |    616 |   1 |  914.0 |
               +--------+--------+--------+--------+--------+-----+--------+

Top non-repeatable levels by time:
  Lair:1: 2333 daAuts
     D:9: 2316 daAuts
    D:12: 1665 daAuts
     D:8: 1607 daAuts
    D:14: 1457 daAuts
    D:11: 1436 daAuts
  Lair:6: 1420 daAuts
     D:5: 1407 daAuts
 Snake:2: 1340 daAuts
  Lair:2: 1315 daAuts
     D:1: 1216 daAuts
     D:4: 1184 daAuts
  Lair:5: 1170 daAuts
  Lair:4: 1161 daAuts
 Snake:1: 1087 daAuts
